 Dungeon Crawl Stone Soup version 0.28.0 (webtiles) character file.

Game seed: 8841783139889210942

378 Prodoman the Magician (level 6, -1/44 HPs)
             Began as a Demonspawn Hedge Wizard on Feb 5, 2022.
             Was an Initiate of Sif Muna.
             Slain by Pikel (3 damage)
             ... on level 3 of the Dungeon.
             The game lasted 00:20:58 (4859 turns).

Prodoman the Magician (Demonspawn Hedge Wizard)     Turns: 4859, Time: 00:20:59

Health: -1/44      AC:  5    Str:  9 (11) XL:     6   Next: 45%
Magic:  7/11       EV: 11    Int: 14 (15) God:    Sif Muna [......]
Gold:   52         SH:  0    Dex:  9 (12) Spells: 5/12 levels left

rFire   . . .      SeeInvis .   l - +2 falchion (vorpal)
rCold   + . .      Faith    .   (no shield)
rNeg    . . .      Spirit   .   u - +1 leather armour {Will+}
rPois   .          Reflect  .   c - +0 hat
rElec   .          Harm     .   p - scarf {repulsion}
rCorr   .          Rampage  .   o - +0 pair of gloves
Will    ++...                   (no boots)
Stlth   +.........              (no amulet)
HPRegen 0.14/turn               m - ring of willpower
MPRegen 0.12/turn               (no ring)

@: brilliant, very slightly contaminated, repel missiles
A: spiny 1, demonic magic 2, weakness stinger 1, cold resistance 1, dopey 1,
MP-powered wands
a: Renounce Religion


You were on level 3 of the Dungeon.
You worshipped Sif Muna.
Sif Muna was noncommittal.
You visited 1 branch of the dungeon, and saw 4 of its levels.

You collected 52 gold pieces.

Inventory:

Hand Weapons
 a - a +0 dagger
 l - a +2 vorpal falchion (weapon)
Missiles
 g - 4 poisoned darts
 j - 3 javelins
Armour
 c - a +0 hat (worn)
 n - a +2 ring mail of fire resistance
 o - a +0 pair of gloves (worn)
 p - a scarf of repulsion (worn)
 u - a +1 leather armour of willpower (worn)
Magical Staves
 b - a staff of earth
Jewellery
 m - a ring of willpower (left hand)
Wands
 q - a wand of mindburst (10)
Scrolls
 d - 2 scrolls of teleportation
 e - a scroll of silence {unknown}
 f - a scroll of identify {unknown}
 h - a scroll of amnesia {unknown}
 i - 2 scrolls of fear
 k - a scroll of fog {unknown}
 s - 3 scrolls of blinking
Potions
 v - a potion of degeneration


   Skills:
 + Level 2.1 Fighting
 - Level 1.0 Armour
 + Level 2.9 Dodging
 - Level 1.8 Stealth
 + Level 3.8 Spellcasting
 + Level 2.6 Conjurations
 - Level 1.1 Summonings
 - Level 1.0 Translocations
 + Level 1.6 Air Magic
 + Level 1.5 Earth Magic
 + Level 1.8 Poison Magic


You had 5 spell levels left.
You knew the following spells:

 Your Spells              Type           Power      Damage    Failure   Level
a - Magic Dart            Conj           60%        1d6       9%          1
b - Mephitic Cloud        Conj/Pois/Air  12%        N/A       34%         3
c - Stone Arrow           Conj/Erth      24%        3d8       34%         3

Your spell library contained the following spells:

 Spells                   Type           Power      Damage    Failure   Level
 Sandblast                Erth           20%        2d7       14%         1
 Slow                     Hex            16%        N/A       26%         1
 Blink                    Tloc           16%        N/A       26%         2
 Call Imp                 Summ           8%         N/A       26%         2
 Passwall                 Tmut/Erth      5%         N/A       30%         2
 Conjure Flame            Conj/Fire      9%         6-21      43%         3


Dungeon Overview and Level Annotations

Branches:
Dungeon (4/15)
 Temple: D:4-7

Altars:
Sif Muna
Yredelemnul

Annotations:
D:3 Pikel


Innate Abilities, Weirdness & Mutations

You are partially covered in sharp spines.
Spells you cast may paralyse nearby enemies.
You have a small tail.
Your flesh is cold resistant. (rC+)
You are dopey. (Int -2)
You expend magic power (3 MP) to strengthen your wands.


Message History

The lemure closely misses you.
Pikel hits you with a +0 whip of flaming!
Pikel burns you.
Unknown command.
The lemure completely misses you. Pikel is struck by your spines.
Pikel barely misses you. The lemure barely misses you.
You climb upwards.
There is a stone staircase leading down here.
You closely miss Pikel.
Pikel is lightly wounded.
Pikel hits you with a +0 whip of flaming!
Pikel burns you. The lemure hits you but does no damage.
You closely miss Pikel.
Pikel is lightly wounded.
The lemure misses you. Pikel is struck by your spines.
Pikel hits you with a +0 whip of flaming!
* * * LOW HITPOINT WARNING * * *
Pikel burns you.
* * * LOW HITPOINT WARNING * * *
You feel better. The lemure closely misses you. Pikel barely misses you.
You feel clever all of a sudden. The lemure hits you.
Pikel hits you but does no damage.
Casting: Stone Arrow (quite dangerous; 34% risk of failure)
Confirm with . or Enter, or press ? or * to list all spells.
The spell is quite dangerous to miscast (34% risk of failure)!
Continue anyway?
Aiming: Mephitic Cloud (quite dangerous; 34% risk of failure)
Press: ? - help, Shift-Dir - straight line You feel a surge of power!
That beam is likely to hit you.
Continue anyway?
You miscast Mephitic Cloud.
Energy rips through your body!
* * * LOW HITPOINT WARNING * * *
The lemure hits you.
* * * LOW HITPOINT WARNING * * *
Pikel hits you with a +0 whip of flaming.
* * * LOW HITPOINT WARNING * * *
Pikel burns you.
* * * LOW HITPOINT WARNING * * *
The lemure is struck by your spines. The lemure barely misses you.
Pikel hits you with a +0 whip of flaming.
You die...

#.#########.#.#.......
#.# #.#.#.#.#### #.#
#.#...#.#### #.#
#.#####.#... #.#
#.......#.##
#.#################.#
#.................#.#
########.....####.#.##
#@K...............
#5##.#.#.####.#..#
#5##.#.#.# #.#...
###'##.#.#.####.#.##
#...)#.#.#.##...)...
#....#.#.#.##.##....
#....#.#.#.##.###...
#....#.#.#.....###..
#....#.#.####...####


You could see Pikel and 2 lemures.

Vanquished Creatures
  A centaur (D:3)
  2 lemures (D:3)
  A scorpion (D:4)
  An orc priest (D:3)
  Ijyb (D:3)
  Natasha (thrice) (D:3)
  2 adders
  4 worms (D:2)
  3 dart slugs
  12 orcs (D:3)
  5 bats
  6 endoplasms
  6 giant cockroaches
  2 goblins
  5 hobgoblins
  5 kobolds
  A quokka (D:4)
  4 ball pythons
  3 frilled lizards (D:1)
  7 rats
74 creatures vanquished.

Vanquished Creatures (others)
  A plant (D:4)
1 creature vanquished.

Grand Total: 75 creatures vanquished

Notes
Turn   | Place    | Note
-------+----------+-------------------------------------------
     0 | D:1      | Prodoman the Demonspawn Hedge Wizard began the quest for
                  | the Orb.
     0 | D:1      | Reached XP level 1. HP: 13/13 MP: 4/4
   163 | D:1      | Reached skill level 1 in Translocations
   277 | D:1      | Gained mutation: Spells you cast may paralyse adjacent
                  | enemies. [demonic ancestry]
   277 | D:1      | Reached XP level 2. HP: 19/19 MP: 0/6
  1243 | D:2      | Gained mutation: You are partially covered in sharp spines.
                  | [demonic ancestry]
  1243 | D:2      | Reached XP level 3. HP: 25/25 MP: 0/7
  1331 | D:2      | Reached skill level 1 in Armour
  1358 | D:2      | Reached skill level 1 in Fighting
  1374 | D:2      | Learned a level 3 spell: Mephitic Cloud
  1727 | D:2      | Learned a level 3 spell: Stone Arrow
  1942 | D:2      | Reached XP level 4. HP: 32/32 MP: 1/9
  2189 | D:2      | Found a basalt altar of Yredelemnul.
  2520 | D:3      | Noticed a centaur
  2531 | D:3      | Gained mutation: You are strong-willed. (Will+) [potion of
                  | mutation]
  2531 | D:3      | Gained mutation: You are occasionally teleported next to
                  | monsters. [potion of mutation]
  2531 | D:3      | Gained mutation: You have sharp toenails. [potion of
                  | mutation]
  2537 | D:3      | Killed a centaur
  2538 | D:3      | Reached skill level 1 in Poison Magic
  2538 | D:3      | Gained mutation: You have a small tail. [demonic ancestry]
  2538 | D:3      | Reached XP level 5. HP: 16/37 MP: 8/10
  2539 | D:3      | Lost mutation: You are occasionally teleported next to
                  | monsters. [potion of mutation]
  2539 | D:3      | Lost mutation: You have sharp toenails. [potion of
                  | mutation]
  2539 | D:3      | Lost mutation: You are strong-willed. (Will+) [potion of
                  | mutation]
  2539 | D:3      | Gained mutation: You expend magic power (3 MP) to
                  | strengthen your wands. [potion of mutation]
  2539 | D:3      | Gained mutation: You are dopey. (Int -2) [potion of
                  | mutation]
  2539 | D:3      | Gained mutation: Your flesh is cold resistant. (rC+)
                  | [potion of mutation]
  2721 | D:3      | Noticed Ijyb
  2726 | D:3      | Paralysed by Ijyb for 6 turns
  2757 | D:3      | Killed Ijyb
  2758 | D:3      | Reached skill level 1 in Air Magic
  3071 | D:3      | Found a shimmering blue altar of Sif Muna.
  3089 | D:3      | Became a worshipper of Sif Muna the Loreminder
  3314 | D:3      | Reached skill level 1 in Earth Magic
  3622 | D:3      | Noticed Natasha
  3634 | D:3      | Killed Natasha
  3998 | D:3      | Noticed Natasha
  4004 | D:3      | Killed Natasha
  4005 | D:3      | Gained mutation: Spells you cast may paralyse nearby
                  | enemies. [demonic ancestry]
  4005 | D:3      | Reached XP level 6. HP: 42/44 MP: 4/11
  4032 | D:3      | Noticed Natasha
  4041 | D:3      | Killed Natasha
  4592 | D:4      | Noticed Pikel
  4858 | D:3      | HP: 2/44 [Pikel (1)]
  4859 | D:3      | Slain by Pikel

Illustrated notes

Levels and vault maps discovered:
D:1:      minmay_arrival_shoal_huts, layout_basic, serial_rivers,
          chequers_serial_rivers_marsh, chequers_serial_rivers_micro_e,
          chequers_serial_rivers_micro_e, chequers_serial_rivers_large_b,
          chequers_serial_rivers_small_a, chequers_serial_rivers_micro_a
D:2:      layout_basic, basic_altar, item_on_display_a
D:3:      layout_basic, nicolae_sif_muna_condensation, corexii_leaking_fountain,
          minmay_misc_feat_columns, minivault_19, uniq_ijyb, uniq_natasha
D:4:      layout_gridville, minmay_temple_entry_gardened_gates, uniq_menkaure,
          uniq_blork_the_orc, uniq_pikel

Skill      XL: |  1  2  3  4  5  6 |
---------------+-------------------+-----
Translocations | 1 |  1.0
Dodging        | 2 |  2.9
Armour         | 1 |  1.0
Fighting       | 1 2 |  2.1
Conjurations   | 2 |  2.6
Poison Magic   | 1 |  1.8
Air Magic      | 1 |  1.6
Earth Magic    | 1 |  1.5
Stealth        | |  1.8
Spellcasting   | |  3.8
Summonings     | |  1.1

Action                   |  1- 3 |  4- 6 || total
-------------------------+-------+-------++-------
Melee: Dagger            |    56 |    65 ||   121
       Tailslap          |       |    15 ||    15
       Punch             |       |     1 ||     1
       Falchion          |       |    21 ||    21
Throw: Javelin           |     4 |     6 ||    10
 Cast: Magic Dart        |    95 |    52 ||   147
       Mephitic Cloud    |       |     2 ||     2
Evoke: Wand              |       |     1 ||     1
  Use: Scroll            |     2 |     1 ||     3
       Potion            |       |    10 ||    10
 Stab: Paralysed         |     3 |    10 ||    13
Armor: Leather armour    |    14 |    24 ||    38
       Ring mail         |       |     3 ||     3
Dodge: Dodged            |    24 |    71 ||    95
